 Dungeon Crawl Stone Soup version 0.30-a0-639-g3916f1956a (webtiles) character file.

Game seed: 4213502314985290595

442 timneilson the Slasher (level 6, -2/47 HPs)
             Began as a Demonspawn Gladiator on Jan 15, 2023.
             Slain by a black bear (5 damage)
             ... on level 4 of the Dungeon.
             The game lasted 00:05:02 (3078 turns).

timneilson the Slasher (Demonspawn Gladiator)       Turns: 3078, Time: 00:05:03

Health: -2/47      AC: 10    Str: 16    XL:     6   Next: 71%
Magic:  6/6        EV: 10    Int: 10    God:
Gold:   217        SH:  0    Dex: 14    Spells: 5/5 levels left

rFire   . . .      SeeInvis +    a - +1 long sword
rCold   . . .      Faith    .    (no shield)
rNeg    . . .      Spirit   .    k - +0 scale mail
rPois   .          Reflect  .    c - +0 helmet
rElec   .          Harm     .    t - +0 cloak
rCorr   .          Rampage  .    (no gloves)
Will    .....                    l - +0 pair of boots Stlth
                                 (no amulet)
HPRegen 0.27/turn                s - ring of see invisible
MPRegen 0.10/turn                (no ring)

@: no status effects
A: ignite blood 1
a: no special abilities


You were on level 4 of the Dungeon.
You visited 1 branch of the dungeon, and saw 4 of its levels.

You collected 217 gold pieces.

Inventory:

Hand Weapons
 a - a +1 long sword (weapon)
Missiles
 d - 3 throwing nets (quivered)
 e - a javelin
Armour
 c - a +0 helmet (worn)
 k - a +0 scale mail (worn)
 l - a +0 pair of boots (worn)
 t - a +0 cloak (worn)
Jewellery
 s - a ring of see invisible (left hand)
Scrolls
 b - a scroll of enchant weapon
 f - 2 scrolls of immolation
 i - 2 scrolls of amnesia
 m - 2 scrolls of vulnerability
 n - a scroll of teleportation
 q - a scroll of identify
Potions
 g - a potion of attraction
 h - 3 potions of heal wounds
 j - a potion of resistance
 o - a potion of curing
 p - a potion of flight
 r - a potion of brilliance
 u - a potion of berserk rage {unknown}


   Skills:
 + Level 3.3 Fighting
 * Level 4.5 Long Blades
 - Level 1.7 Throwing
 * Level 3.5 Armour
 + Level 3.7 Dodging


You had 5 spell levels left.
You didn't know any spells.
Your spell library contained the following spells:

 Spells                   Type           Power      Damage    Failure   Level
 Beastly Appendage        Tmut           0%         N/A       78%         1
 Wereblood                Tmut           0%         N/A       89%         2
 Spider Form              Tmut/Pois      0%         N/A       98%         3


Dungeon Overview and Level Annotations

Branches:
Dungeon (4/15)
 Temple: D:4-7

Altars:
Ashenzari
Cheibriados
Fedhas
Makhleb
Trog
Yredelemnul


Innate Abilities, Weirdness & Mutations

Your demonic aura sometimes causes spilled blood to erupt in flames.


Message History

The black bear bites you but does no damage.
The black bear claws you but does no damage.
The black bear misses you.
You hit the black bear.
The black bear is moderately wounded.
The black bear bites you but does no damage.
The black bear barely misses you. The black bear claws you.
You slash the black bear!
The black bear is heavily wounded.
The black bear bites you.
The black bear claws you but does no damage.
The black bear barely misses you.
You hit the black bear.
The black bear is severely wounded.
The black bear goes berserk!
You hit the black bear.
The black bear is almost dead.
The black bear bites you!
* * * LOW HITPOINT WARNING * * *
The black bear claws you but does no damage. x2
The black bear bites you.
* * * LOW HITPOINT WARNING * * *
The black bear completely misses you. The black bear closely misses you.
You hit the black bear.
The black bear is almost dead.
The black bear bites you but does no damage.
The black bear barely misses you.
The black bear claws you but does no damage.
The black bear bites you but does no damage.
The black bear claws you but does no damage.
The black bear misses you.
You closely miss the black bear.
The black bear is almost dead.
The black bear closely misses you.
The black bear claws you but does no damage. x2
The black bear bites you!
* * * LOW HITPOINT WARNING * * *
The black bear claws you but does no damage.
The black bear claws you.
You die...

...........##!...#.#.
###.........#.....#.##.
# #....###.........##..
#...## #...........
##..#####..........[
#..........(....#
##........)....#
########.....#.# ####
#....@# #....
##...#h##.....
##..#.#S...... #
###...##........ #
#......#.......... #
#####............. #
##............ #
##.....######## #
#..##..#########


You could see a black bear (berserk) and a ball python.

Vanquished Creatures
  Sigmund (D:3)
  A necrophage (D:4)
  A scorpion (D:3)
  Crazy Yiuf (D:3)
  4 gnolls (D:3)
  3 adders
  2 worms
  2 dart slugs
  11 ball pythons
  5 endoplasms
  3 giant cockroaches
  2 goblins (D:3)
  10 hobgoblins
  3 jackals (D:3)
  7 quokkas
  7 bats
  6 frilled lizards
  4 kobolds
  3 rats
76 creatures vanquished.

Vanquished Creatures (others)
  A fungus (D:3)
1 creature vanquished.

Grand Total: 77 creatures vanquished

Notes
Turn   | Place    | Note
-------+----------+-------------------------------------------
     0 | D:1      | timneilson the Demonspawn Gladiator began the quest for the
                  | Orb.
     0 | D:1      | Reached XP level 1. HP: 16/16 MP: 1/1
   181 | D:1      | Gained mutation: Your demonic aura sometimes causes spilled
                  | blood to erupt in flames. [demonic ancestry]
   181 | D:1      | Reached XP level 2. HP: 21/22 MP: 2/2
   348 | D:1      | Reached skill level 3 in Long Blades
   351 | D:1      | Reached skill level 1 in Armour
   750 | D:2      | Found a faded altar of an unknown god.
   806 | D:2      | Identified the +6 trident of Ashenzari's Scorn {drain,
                  | Fragile Fly rF+ Will+}
   879 | D:2      | Reached XP level 3. HP: 9/27 MP: 3/3
  1816 | D:3      | Reached XP level 4. HP: 18/34 MP: 4/4
  2167 | D:3      | Noticed Sigmund
  2178 | D:3      | Killed Sigmund
  2179 | D:3      | Reached skill level 4 in Long Blades
  2179 | D:3      | Reached XP level 5. HP: 13/40 MP: 5/5
  2303 | D:3      | Reached XP level 6. HP: 47/47 MP: 6/6
  2308 | D:3      | Found a broken altar of Ashenzari.
  2312 | D:3      | Found a blossoming altar of Fedhas.
  2628 | D:3      | Found a snail-covered altar of Cheibriados.
  2783 | D:3      | Found a runed translucent door.
  2784 | D:3      | Noticed Crazy Yiuf
  2791 | D:3      | Killed Crazy Yiuf
  2977 | D:4      | Found a bloodstained altar of Trog.
  2978 | D:4      | Found a burning altar of Makhleb.
  2983 | D:4      | Found a basalt altar of Yredelemnul.
  3078 | D:4      | Slain by a black bear

Illustrated notes

Levels and vault maps discovered:
D:1:      dpeg_arrival_rooms_c, layout_loops_ring
D:2:      layout_loops_ring, nicolae_ecumenical_pavilion, solitary_fountain
D:3:      layout_basic, minitemple, lemuel_tele_altar, minmay_box_of_dots,
          uniq_sigmund, uniq_crazy_yiuf_cottage
D:4:      layout_layer_cave, mainiacjoe_overflow_surrounded_room,
          grunt_temple_overflow_open, zin_statuary,
          mainiacjoe_overflow_boulevard, minmay_misc_feat_secret_circle

Skill      XL: |  1  2  3  4  5 |
---------------+----------------+-----
Long Blades    | 3 4 |  4.5
Armour         | 1 2 3 |  3.5
Dodging        | 3 |  3.7
Fighting       | 3 |  3.3
Throwing       | |  1.7

Action                   |  1- 3 |  4- 6 || total
-------------------------+-------+-------++-------
Melee: Long sword        |   128 |   129 ||   257
       Punch             |     1 |     5 ||     6
  Use: Scroll            |     9 |     3 ||    12
       Potion            |       |     1 ||     1
 Stab: Sleeping          |     3 |       ||     3
Armor: Leather armour    |    35 |       ||    35
       Scale mail        |    10 |    84 ||    94
       Ring mail         |     3 |       ||     3
Dodge: Dodged            |    96 |    74 ||   170

Table legend: (Time is in decaauts)
 A = Elapsed time spent in this place.
 B = Non-inter-level travel time spent in this place.
 C = Inter-level travel time spent in this place.
 D = Time resting spent in this place.
 E = Time spent auto-exploring this place.
 F = Levels seen in this place.
 G = Mean time per level.
                   A        B        C        D        E       F      G
               +--------+--------+--------+--------+--------+-----+--------+
         Total |   3134 |   2955 |    179 |    181 |   2080 |   4 |  783.5 |
       Dungeon |   3134 |   2955 |    179 |    181 |   2080 |   4 |  783.5 |
               +--------+--------+--------+--------+--------+-----+--------+

Top non-repeatable levels by time:
     D:3: 1302 daAuts
     D:2: 994 daAuts
     D:1: 682 daAuts
     D:4: 155 daAuts
